 Dungeon Crawl Stone Soup version 0.32-a0-43-g058985b245 (webtiles) character file.

Game seed: 13297716745048047416

1650283 Gangsterbeez the Conqueror (level 26, 266/266 HPs)
             Began as a Minotaur Berserker on Feb 5, 2024.
             Was an Elder of Trog.
             Escaped with the Orb
             ... and 3 runes!
             The game lasted 03:33:17 (71056 turns).

Gangsterbeez the Conqueror (Minotaur Berserker)    Turns: 71056, Time: 03:33:17

Health: 266/266    AC: 46    Str: 34    XL:     26   Next: 42%
Magic:  31/31      EV: 26    Int:  7    God:    Trog [****..]
Gold:   3183       SH: 15    Dex: 19    Spells: 25/25 levels left

rFire   + + .        w - +9 broad axe (freeze)
rCold   . . .        N - +3 warlock's mirror {omnireflect}
rNeg    + + .        d - +10 plate armour of the Bard {rElec rN++ Regen+ rCorr}
rPois   +            z - +2 hat {Int+3}
rElec   +            j - +2 cloak {Will+}
rCorr   +            D - +2 pair of gloves of Ziexzu {Will+ Str+3 Dex+2 Slay+3}
SInv    .            u - +2 pair of boots {Fly}
Will    ++...        G - amulet "Deymal" {Spirit Fly rPois rF++ Will- Regen+} Stlth
                     t - ring "Nunoyjiukh" {rCorr MP+9 Dex+6 Slay+2}
HPRegen 2.24/turn    E - ring of the Baku {rCorr Slay+6}
MPRegen 0.22/turn

%: reflection, guardian spirit
@: flying
A: horns 2, retaliatory headbutt, weak 1, sturdy frame 1
0: Orb of Zot
}: 3/15 runes: decaying, silver, gossamer
a: Renounce Religion, Berserk, Trog's Hand, Brothers in Arms


You escaped.
You worshipped Trog.
Trog was greatly pleased with you.
You visited 11 branches of the dungeon, and saw 49 of its levels.
You visited 1 bazaar.
You also visited: Trove, Ossuary and Ice Cave.

You collected 7600 gold pieces.
You spent 4417 gold pieces at shops.

Inventory:

Hand Weapons
 s - a +9 spectral broad axe
 w - a +9 broad axe of freezing (weapon)
 I - the +9 war axe "Dewnaon" {flame, rN+ Int-5 Dex+5}
   (Trog gifted it to you on level 4 of the Swamp)

   Int-5:     It affects your intelligence (-5).
   Dex+5:     It affects your dexterity (+5).
   rN+:       It protects you from negative energy.
Armour
 d - the +10 plate armour of the Bard (worn) {rElec rN++ Regen+ rCorr}
   (You found it on level 5 of the Vaults)

   rElec:     It insulates you from electricity.
   rN++:      It greatly protects you from negative energy.
   Regen+:    It increases your rate of health regeneration.
   rCorr:     It protects you from acid and corrosion.
 j - a +2 cloak of willpower (worn)
 p - a +1 plate armour of fire resistance
 u - a +2 pair of boots of flying (worn)
 z - a +2 hat of intelligence (worn)
 D - the +2 pair of gloves of Ziexzu (worn) {Will+ Str+3 Dex+2 Slay+3}
   (You found it in a treasure trove)

   Str+3:     It affects your strength (+3).
   Dex+2:     It affects your dexterity (+2).
   Slay+3:    It affects your accuracy & damage with ranged weapons and melee
   (+3).
   Will+:     It increases your willpower.
 N - the +3 warlock's mirror (worn) {omnireflect}
   (You found it on level 10 of the Dungeon)

   Omnireflect: It can block and reflect piercing ranged attacks and magical
   attacks against the wielder's willpower.
 V - a +5 crystal plate armour of cold resistance
 X - a scarf of resistance
Jewellery
 k - a ring of willpower
 q - a +5 ring of evasion
 t - the ring "Nunoyjiukh" (left hand) {rCorr MP+9 Dex+6 Slay+2}
   (You bought it in a shop in a bazaar)

   [ring of dexterity]

   Dex+6:     It affects your dexterity (+6).
   Slay+2:    It affects your accuracy & damage with ranged weapons and melee
   (+2).
   MP+9:      It affects your magic capacity (+9).
   rCorr:     It protects you from acid and corrosion.
 E - the ring of the Baku (right hand) {rCorr Slay+6}
   (You took it off a yaktaur on level 15 of the Dungeon)

   [ring of resist corrosion]

   Slay+6:    It affects your accuracy & damage with ranged weapons and melee
   (+6).
   rCorr:     It protects you from acid and corrosion.
 G - the amulet "Deymal" (around neck) {Spirit Fly rPois rF++ Will- Regen+}
   (You took it off a deep elf blademaster on level 3 of the Elven Halls)

   [amulet of guardian spirit]

   Spirit:    It causes incoming damage to be divided between your reserves of
   health and magic.
   rF++:      It greatly protects you from fire.
   rPois:     It protects you from poison Will-: It decreases your willpower.
   Fly:       It grants you flight.
   Regen+:    It increases your rate of health regeneration.
 J - a ring of positive energy
 U - a ring of positive energy
Wands
 b - a wand of flame (123)
 o - a wand of digging (19)
 C - a wand of polymorph (6)
 F - a wand of roots (62)
 L - a wand of acid (20)
 M - a wand of mindburst (44)
 Z - a wand of paralysis (24)
Scrolls
 c - a scroll of brand weapon
 e - 9 scrolls of teleportation
 l - 3 scrolls of fog
 x - 4 scrolls of revelation
 y - 4 scrolls of immolation
 A - a scroll of enchant armour
 H - 2 scrolls of silence
 P - 7 scrolls of fear
 Q - 7 scrolls of poison
 T - 10 scrolls of vulnerability
 W - a scroll of torment
Potions
 a - 2 potions of resistance
 f - 8 potions of mutation
 g - 2 potions of heal wounds
 h - 27 potions of curing
 i - 2 potions of haste
 m - 9 potions of enlightenment
 n - 7 potions of invisibility
 r - a potion of lignification
 v - 10 potions of might
 B - 10 potions of ambrosia
 R - 4 potions of cancellation
Miscellaneous
 K - a box of beasts
 O - a lightning rod (4/4)
 Y - a phantom mirror


   Skills:
 O Level 27 Fighting
 O Level 27 Axes
 O Level 27 Armour
 + Level 26.0 Dodging
 O Level 27 Shields


You had 25 spell levels left.
You didn't know any spells.
Your spell library was empty.

Dungeon Overview and Level Annotations

Branches:
Dungeon (15/15)            Temple (1/1) D:7            Lair (5/5) D:9
  Swamp (4/4) Lair:2       Spider (4/4) Lair:2          Orc (2/2) D:10
    Elf (3/3) Orc:2        Vaults (5/5) D:13          Crypt (0/3) Vaults:2
 Depths (4/4) D:15           Hell (visited)             Zot (5/5) Depths:4
Ossuary (visited)           IceCv (visited)
  Slime: Lair:4-5       Dis: Hell:1         Geh: Hell:1         Coc: Hell:1
    Tar: Hell:1

Altars:
Ashenzari
Cheibriados
Dithmenos
Elyvilon
Fedhas
Gozag
Hepliaklqana
Kikubaaqudgha
Makhleb
Nemelex Xobeh
Okawaru
Qazlal
Ru
Sif Muna
Trog
Uskayaw
Vehumet
Wu Jian
Xom
Yredelemnul
Zin
The Shining One

Shops:
D:9 *   D:10 ?   D:12 (   D:13 *   Orc:2 :*[(   Elf:2 [   Depths:3 ?(
Depths:4 =

Portals:
Hell: Depths:1 Depths:2 Depths:3 Depths:4
Abyss: Depths:3 Depths:4
Pandemonium: Depths:2 Depths:3
Ziggurat: Depths:2

Annotations:
Lair:4 exclusion: 2 oklob plants
Hell Geryon
Zot:4 3 transporters


Innate Abilities, Weirdness & Mutations

You have a pair of horns on your head.
You reflexively headbutt those who attack you in melee.
You are weak. (Str -2)
Your movements are slightly less encumbered by armour. (ER -2)


Message History

There is an open door here.
There is an open door here.
Okay, then.
Your skin crawls.
You feel strong-willed.
There is a stone staircase leading up here.
You fly upwards.
There is a stone staircase leading down here.
There is a stone staircase leading up here.
You fly upwards.
There is a stone staircase leading down here.
A red devil comes into view. It is wielding a +0 trident.
The red devil moves out of view.
You feel the effects of Trog's Hand fading.
A shadow demon comes into view.
You slice the shadow demon!! You freeze the shadow demon.
Your headbutt misses the shadow demon.
The shadow demon is heavily wounded.
You slice the shadow demon!! Your headbutt misses the shadow demon.
The shadow demon is almost dead.
You open the shadow demon like a pillowcase!!!
You kill the shadow demon!
Trog accepts your kill.
Your skin stops crawling.
You feel less strong-willed.
There is a stone staircase leading up here.
Unknown command.
You fly upwards.
There is a stone staircase leading down here.
Unknown command.
A profane servitor comes into view.
It is wielding a +2 demon whip of draining.
There is a stone staircase leading up here.
You fly upwards.
There is a stone staircase leading down here.
There is a stone staircase leading up here.
You fly upwards.
There is a stone staircase leading down here.
There is an open door here.
Magic restored.
There is a staircase leading out of the dungeon here.
You have escaped!

#..#####..#..##.#.##..#..# #..
#..##....###.#8.#.8#.###.# #..
#..##.##.###.##.#.##.###.######..
#.........#..#8.#.8#..#..........
##.##.##.....##.#.##.....#.####..
##.##.########8...8#######.# #..
...##.# #8#8#8#...#8#8#8##.# #..
.####.###...............#..# #..
.# #.#.'.###...@...###.+.## #..
.####.#.#...............### #..
>.......#8#8#8#...#8#8#8# #..
..###.########8...8####### #..
....).##.....##.#.##.....# #..
###.####..#..#8.#.8#..#..# #.. #
#.####.###.##.#.##.###.# #..
###...##.###.#8.#.8#.###.# #..
.......#..#..##.#.##..#..######..


There were no monsters in sight!

Vanquished Creatures
  A pandemonium lord (D:8)
  4 dread liches
  10 orbs of fire
  3 ancient liches
  Boris (twice) (Vaults:1 Vaults:2)
  Bai Suzhen (Depths:2)
  5 Killer Klowns
  2 curse toes
  3 caustic shrikes (Depths:4)
  Jory (Vaults:3)
  6 golden dragons
  Norris (Vaults:1)
  Arachne (Spider:2)
  5 bone dragons
  3 doom hounds (Depths:2)
  3 Tzitzimimeh (Depths:2)
  A Brimstone Fiend (Depths:3)
  4 electric golems
  Zenata (Vaults:4)
  An Ice Fiend (Depths:1)
  2 deep elf master archers (Elf:3)
  Jorgrun (Orc:2)
  19 tentacled monstrosities
  28 Orb Guardians
  Grunn (Depths:2)
  Asterion (Spider:4)
  4 deep elf blademasters
  6 quicksilver dragons
  6 liches
  2 titans
  10 death cobs
  4 sphinxes
  An Executioner (Depths:3)
  Gastronok (Lair:2)
  Donald (Vaults:3)
  5 tengu reavers (Vaults:5)
  5 protean progenitors
  11 shadow dragons
  13 storm dragons
  6 draconian monks
  8 deep elf sorcerers
  4 fire giants
  4 emperor scorpions
  7 ghost moths
  The ghost of LustLizard the Eclecticist, an adept DEAE of Vehumet (Swamp:4)
  7 draconian scorchers
  5 draconian knights
  4 deep elf elementalists
  7 frost giants
  4 angels
  2 balrugs (Depths:3)
  11 vault wardens
  A cacodemon (Depths:3)
  6 draconian shifters
  An iron dragon (Vaults:5)
  A ghoul (Swamp:4)
  6 draconian annihilators
  2 reapers
  9 very ugly things
  4 orc warlords
  13 stone giants
  5 formless jellyfish
  A juggernaut skeleton (Depths:1)
  19 ironbound preservers
  4 draconian stormcallers
  A broodmother (Spider:4)
  8 ironbound thunderhulks
  Nessos (Lair:5)
  12 green draconians
  7 deep elf demonologists
  3 eleionomae
  3 deep elf annihilators (Elf:3)
  9 deep elf death magi
  16 black draconians
  A putrid mouth (Depths:2)
  10 dire elephants
  7 purple draconians
  4 war gargoyles
  8 white draconians
  4 bunyips
  13 yellow draconians
  12 spark wasps
  A lorocyproca (Depths:2)
  9 red draconians
  Snorg (D:12)
  3 green deaths
  5 ettins
  A crystal guardian (D:15)
  7 fire dragons
  5 rakshasas
  7 entropy weavers
  11 great orbs of eyes
  4 deep elf high priests
  9 ice dragons
  A hell beast (Swamp:4)
  18 yaktaur captains
  2 spriggan air magi
  2 anacondas (Zot:4)
  10 alligators
  2 ogre magi
  2 catoblepae
  16 hydras
  4 radroaches
  28 vault guards
  4 boulder beetles
  12 ironbound frosthearts
  2 spriggan skeletons (Depths:1)
  8 two-headed ogres
  2 centaur warriors (D:13)
  A ghost crab (Swamp:4)
  30 dancing weapons
  10 deep troll earth magi
  A sphinx skeleton (Vaults:3)
  7 spriggan berserkers
  7 deep troll shamans
  5 orc high priests
  12 demonic crawlers
  2 occultists
  A naga sharpshooter (D:15)
  A vampire mage (Depths:1)
  Nergalle (Lair:2)
  2 thrashing horrors (Swamp:4)
  4 tengu warriors
  6 skysharks
  3 sun demons
  3 fire crabs (D:15)
  27 hell knights
  13 deep elf knights
  3 goliath frogs
  4 skeletal warriors (D:14)
  A sixfirhy (Depths:2)
  6 pharaoh ants
  6 iron trolls
  66 deep trolls
  2 large abominations
  6 glowing orange brains
  A flayed ghost (Depths:4)
  2 shadow demons
  2 sun moths
  5 swamp dragons
  7 spriggan druids
  A golden dragon skeleton (Depths:3)
  2 deep elf archers
  7 phantasmal warriors
  10 bog bodies
  9 steelbarb worms
  7 orb spiders
  19 ironbound convokers
  16 arcanists
  The ghost of pokeman the Thaumaturge, a novice DEHW of Vehumet (D:7)
  25 deep elf zephyrmancers
  15 lindwurms
  4 harpies (Vaults:2)
  10 orc knights
  24 deep elf pyromancers
  17 ugly things
  A tengu skeleton (Depths:3)
  6 necromancers
  27 wolf spiders
  3 manticores
  A moth of wrath (shapeshifter) (Depths:3)
  6 orc sorcerers
  An iron dragon zombie (Depths:3)
  2 cyclopes (D:12)
  3 salamanders (D:15)
  A will-o-the-wisp (Swamp:3)
  An elephant (shapeshifter) (Vaults:5)
  3 human zombies (Vaults:3)
  A faun (shapeshifter) (Zot:2)
  A stone giant skeleton (Depths:1)
  Maurice (D:11)
  18 meliai
  3 kobold blastminers
  A meliai (shapeshifter) (Elf:2)
  The ghost of Gangsterbeez the Covered, a novice MiBe of Trog (D:4)
  35 moths of wrath
  A water nymph (shapeshifter) (Zot:2)
  17 elephants
  5 black mambas
  A fire giant skeleton (Depths:1)
  4 orange demons (Swamp:4)
  21 vault sentinels
  3 ice statues
  A toenail golem (D:7)
  7 gargoyles
  3 rust devils (D:15)
  6 cane toads
  A molten gargoyle (D:15)
  A smoke demon (Depths:2)
  An eye of devastation (shapeshifter) (Depths:3)
  Maggie (Lair:2)
  3 rime drakes
  8 freezing wraiths
  A hellion (D:8)
  2 torpor snails
  An unseen horror (D:10)
  2 tormentors
  An efreet (D:15)
  46 yaktaurs
  2 anaconda simulacra (IceCv)
  11 komodo dragons
  An ice devil (Depths:2)
  A kobold demonologist (D:11)
  2 guardian mummies (Vaults:4)
  A yaktaur skeleton (Vaults:3)
  A tengu conjurer (Depths:1)
  9 trolls
  A bloated husk (Swamp:4)
  An elf simulacrum (Vaults:3)
  A polar bear (shapeshifter) (D:15)
  5 polar bears (Lair:5)
  A harpy skeleton (Hell)
  10 tyrant leeches
  15 blink frogs
  17 tarantellas
  5 dream sheep (Lair:4)
  16 hornets
  2 glass eyes
  A jumping spider (shapeshifter) (Depths:2)
  A stone giant simulacrum (Hell)
  27 slime creatures
  9 air elementals
  19 spriggans
  10 culicivoras
  18 jumping spiders
  A shadow (Swamp:4)
  A ynoxinul (D:8)
  3 wraiths
  42 yaks
  Sigmund (D:6)
  3 wyverns
  12 water elementals
  A dire elephant simulacrum (IceCv)
  3 basilisks
  2 chaos spawn
  2 humans (D:13)
  A golden eye (Elf:3)
  A warg (shapeshifter) (Vaults:5)
  2 steam dragons
  A warg (Orc:1)
  64 redbacks
  14 vampire mosquitoes
  5 fire elementals
  17 swamp worms
  8 water moccasins
  A glowing shapeshifter zombie (Vaults:3)
  2 hydra simulacra (IceCv)
  2 acid dragons
  Duvessa (D:4)
  An ogre skeleton (Vaults:3)
  23 orc warriors
  3 meliai simulacra (D:15)
  An ice beast (shapeshifter) (D:15)
  A swamp drake (Swamp:3)
  A sky beast (D:8)
  A black bear (Lair:5)
  A black bear (shapeshifter) (Elf:3)
  3 ice beasts
  5 ogres
  6 boggarts
  33 wolves
  3 centaurs
  The ghost of PriceMaster the Firebug, an amateur OpFE (D:3)
  16 kobold brigands
  10 bullfrogs
  A gnoll sergeant (D:7)
  A small abomination (Swamp:4)
  2 scorpions (D:6)
  2 two-headed ogre simulacra (IceCv)
  7 earth elementals
  Dowan (D:4)
  7 wights
  4 killer bees
  5 elephant simulacra (IceCv)
  6 electric eels
  7 howler monkeys
  4 bombardier beetles
  9 bullfrog zombies (Ossuary)
  3 jellies
  19 orc priests
  Crazy Yiuf (D:4)
  2 gnoll boudas
  4 mummies (Ossuary)
  A sleepcap (D:7)
  27 orc wizards
  Natasha (twice) (D:2)
  6 troll simulacra (IceCv)
  6 yak simulacra (Lair:4)
  5 polar bear simulacra
  7 spriggan simulacra (IceCv)
  2 wolf simulacra
  4 crocodile zombies (Ossuary)
  6 hound zombies (Ossuary)
  5 howler monkey zombies (Ossuary)
  Robin (D:2)
  22 gnolls
  4 adders
  2 river rats (Lair:4)
  5 naga simulacra (IceCv)
  5 white imps
  11 ufetubi
  A ribbon worm (D:4)
  2 dart slugs
  68 orcs
  4 bats
  7 endoplasms
  6 giant cockroaches
  14 goblins
  13 hobgoblins
  4 jackals
  51 kobolds
  7 quokkas
  5 ball pythons
  3 ball python zombies (Ossuary)
  2 frilled lizards
  3 rats
  2 river rat simulacra (Lair:4)
  3 aspiring fleshes
  A fire vortex (D:8)
  2 spectral weapons
2173 creatures vanquished.

Vanquished Creatures (collateral kills)
  The ghost of Ruxt the Slayer, an adept MiFi of Qazlal (Vaults:3)
  A golden dragon (Zot:5)
  A tentacled monstrosity (Vaults:5)
  A sphinx (Vaults:3)
  A shadow dragon (Zot:4)
  A draconian monk (Zot:3)
  A storm dragon (Vaults:5)
  2 draconian knights
  3 vault wardens
  A draconian scorcher (Zot:4)
  An orc warlord (Orc:2)
  A cacodemon (Depths:3)
  An ironbound thunderhulk (Vaults:4)
  2 ironbound preservers
  2 stone giants (Vaults:5)
  A formless jellyfish (Vaults:3)
  A deep elf death mage (Elf:3)
  3 deep elf demonologists (Depths:3)
  A white draconian (Zot:4)
  A yaktaur captain (Vaults:5)
  An entropy weaver (Vaults:5)
  3 hydras
  2 vault guards
  An ironbound frostheart (Vaults:3)
  3 dancing weapons (Elf:2)
  An orc high priest (Orc:2)
  A deep elf knight (Elf:2)
  An iron troll (Vaults:5)
  4 deep trolls
  2 ironbound convokers (Vaults:3)
  2 orc knights (Orc:2)
  A necromancer (Depths:2)
  A deep elf zephyrmancer (Elf:2)
  A vault sentinel (Vaults:5)
  Jeremiah (D:6)
  5 yaks
  5 orc warriors (Orc:2)
  An orc priest (Orc:2)
  2 orc wizards
  4 orcs (Orc:2)
69 creatures vanquished.

Vanquished Creatures (others)
  A storm dragon (Zot:3)
  A ghost moth (Zot:3)
  An ironbound preserver (Vaults:4)
  A green draconian (Zot:1)
  A black draconian (Zot:1)
  A purple draconian (Zot:1)
  A deep elf knight (Elf:2)
  An orb spider (Spider:4)
  A moth of wrath (Zot:3)
  2 bloated husks (Swamp:3)
  A hellwing (D:8)
  A chaos spawn (Zot:2)
  A kobold brigand (D:10)
  2 foxfires (Swamp:3)
  36 spectral weapons
52 creatures vanquished.

Grand Total: 2294 creatures vanquished

Notes
Turn   | Place    | Note
-------+----------+-------------------------------------------
     0 | D:1      | Gangsterbeez the Minotaur Berserker began the quest for the
                  | Orb.
     0 | D:1      | Reached XP level 1. HP: 19/19 MP: 0/0
   109 | D:1      | Found a faded altar of an unknown god.
   160 | D:1      | Reached XP level 2. HP: 27/27 MP: 1/1
   769 | D:2      | Reached XP level 3. HP: 30/33 MP: 2/2
   878 | D:2      | Reached ** piety under Trog
  1029 | D:2      | Noticed Natasha
  1035 | D:2      | Killed Natasha
  1130 | D:2      | Noticed Robin
  1166 | D:2      | Reached XP level 4. HP: 30/40 MP: 3/3
  1180 | D:2      | HP: 1/40 [goblin/+0 dagger[Robin] (3)]
  1524 | D:2      | Killed Robin
  1525 | D:2      | Reached skill level 5 in Axes
  1740 | D:2      | Noticed Natasha
  1751 | D:2      | Killed Natasha
  2021 | D:3      | Found a runed translucent gate.
  2022 | D:3      | Found a runed translucent gate.
  2022 | D:3      | Found an opulent altar of Gozag.
  2023 | D:3      | Found a runed translucent gate.
  2024 | D:3      | Noticed an ogre
  2024 | D:3      | Noticed PriceMaster's ghost (amateur OpFE)
  2083 | D:3      | Reached XP level 5. HP: 47/47 MP: 4/4
  2107 | D:3      | Found a shadowy altar of Dithmenos.
  2184 | D:3      | Reached skill level 1 in Shields
  2399 | D:3      | Killed an ogre
  2399 | D:3      | Reached *** piety under Trog
  2403 | D:3      | Reached XP level 6. HP: 46/53 MP: 5/5
  2406 | D:3      | Killed PriceMaster's ghost
  2519 | D:4      | You fall into a shaft and drop 3 floors!
  2520 | D:7      | Noticed a water moccasin
  2534 | D:7      | Killed a water moccasin
  2535 | D:7      | Reached skill level 5 in Fighting
  2608 | D:7      | Reached XP level 7. HP: 58/61 MP: 6/6
  2676 | D:5      | Entered Level 5 of the Dungeon
  2676 | D:5      | Found a sand-covered staircase.
  2686 | Ossuary  | Entered an ossuary
  3052 | Ossuary  | Reached XP level 8. HP: 67/73 MP: 7/7
  3267 | D:4      | Found a runed translucent door.
  3268 | D:4      | Noticed Crazy Yiuf
  3277 | D:4      | Killed Crazy Yiuf
  3316 | D:4      | Found a runed translucent gate.
  3317 | D:4      | Found a runed translucent gate.
  3319 | D:4      | Found a runed translucent gate.
  3319 | D:4      | Noticed Gangsterbeez's ghost (novice MiBe)
  3343 | D:4      | Noticed Dowan
  3355 | D:4      | Killed Dowan
  3376 | D:4      | Noticed Duvessa
  3390 | D:4      | Killed Duvessa
  3780 | D:4      | Reached **** piety under Trog
  3805 | D:4      | Killed Gangsterbeez's ghost
  4479 | D:5      | Reached skill level 10 in Axes
  4479 | D:5      | Reached XP level 9. HP: 82/83 MP: 8/8
  4666 | D:5      | Reached ***** piety under Trog
  5428 | D:6      | Noticed a troll
  5432 | D:6      | Killed a troll
  5433 | D:6      | Reached skill level 5 in Armour
  5445 | D:6      | Noticed Jeremiah
  5470 | D:6      | Killed Jeremiah
  5793 | D:6      | Noticed Sigmund
  5800 | D:6      | Reached skill level 10 in Fighting
  5803 | D:6      | Killed Sigmund
  5937 | D:6      | Reached skill level 5 in Dodging
  6689 | D:7      | Noticed pokeman's ghost (novice DEHW)
  6691 | D:7      | Found a runed translucent gate.
  6691 | D:7      | Found a runed translucent gate.
  6691 | D:7      | Found a runed translucent gate.
  6693 | D:7      | Noticed a troll
  6878 | D:7      | Found a staircase to the Ecumenical Temple.
  6897 | Temple   | Entered the Ecumenical Temple
  7511 | D:8      | Noticed a komodo dragon
  7518 | D:8      | Killed a komodo dragon
  7519 | D:8      | Reached XP level 10. HP: 94/94 MP: 9/9
  8015 | D:8      | Reached skill level 5 in Shields
  8456 | D:7      | Killed pokeman's ghost
  8611 | D:10     | Entered Level 10 of the Dungeon
  8611 | D:10     | Found a staircase to the Orcish Mines.
  8881 | D:9      | Found a staircase to the Lair.
  8927 | D:9      | Found Koxyseon's Overcharged Wands.
  9061 | D:9      | Identified the +0 robe of Disaster {Harm rPois rC- rCorr
                  | Int+6}
  9928 | D:10     | Noticed an arcanist
  9930 | D:10     | Noticed an arcanist
  9937 | D:10     | Killed an arcanist
  9937 | D:10     | Killed an arcanist
  9939 | D:10     | Found the +3 warlock's mirror {omnireflect}
 10062 | D:10     | Noticed an arcanist
 10073 | D:10     | Killed an arcanist
 10276 | D:10     | Reached XP level 11. HP: 85/105 MP: 10/10
 10332 | D:10     | Found a hazy altar of Hepliaklqana.
 10333 | D:10     | Found a shimmering altar of Xom.
 10333 | D:10     | Found an opulent altar of Gozag.
 10411 | D:10     | Found Ydyxzoaklu's Magic Scroll Boutique.
 10457 | D:10     | Noticed a two-headed ogre
 10702 | D:10     | Killed a two-headed ogre
 10716 | D:10     | Noticed a six-headed hydra
 10724 | D:10     | Killed a six-headed hydra
 10869 | D:10     | Noticed a tengu warrior
 10882 | D:10     | Killed a tengu warrior
 11753 | D:10     | Noticed an arcanist
 11759 | D:10     | Killed an arcanist
 11760 | D:10     | Noticed an arcanist
 11766 | D:10     | Killed an arcanist
 11796 | D:10     | Noticed an arcanist
 11801 | D:10     | Noticed an arcanist
 11810 | D:10     | Killed an arcanist
 11814 | D:10     | Killed an arcanist
 12053 | D:10     | Noticed an arcanist
 12056 | D:10     | Noticed an arcanist
 12061 | D:10     | Killed an arcanist
 12067 | D:10     | Killed an arcanist
 12318 | D:11     | Reached XP level 12. HP: 108/118 MP: 11/11
 12322 | D:11     | Reached skill level 15 in Axes
 12441 | D:11     | Noticed Maurice
 12449 | D:11     | Something stole 372 gold
 12454 | D:11     | Something stole a ring of fire
 12458 | D:11     | Killed Maurice
 12547 | D:11     | Noticed a boulder beetle
 12561 | D:11     | Killed a boulder beetle
 12827 | D:11     | Reached skill level 15 in Fighting
 13062 | D:11     | Noticed a two-headed ogre
 13073 | D:11     | Killed a two-headed ogre
 13777 | D:12     | Found Hemuthuf's Weapon Shop.
 13872 | D:12     | Noticed a two-headed ogre
 13878 | D:12     | Killed a two-headed ogre
 13878 | D:12     | Received a gift from Trog
 14295 | Lair:1   | Entered Level 1 of the Lair of Beasts
 14327 | Lair:1   | Reached skill level 10 in Shields
 14777 | Orc:1    | Entered Level 1 of the Orcish Mines
 15453 | Lair:1   | Reached XP level 13. HP: 107/129 MP: 12/12
 16647 | Lair:2   | Noticed Maggie
 16666 | Lair:2   | Killed Maggie
 16762 | Lair:2   | Noticed Nergalle
 16777 | Lair:2   | Killed Nergalle
 16793 | Lair:2   | Found a staircase to the Swamp.
 17006 | Lair:2   | Noticed Gastronok
 17017 | Lair:2   | Killed Gastronok
 17067 | Lair:2   | Found a hole to the Spider Nest.
 17597 | Lair:3   | Received a gift from Trog
 19783 | Lair:5   | Entered Level 5 of the Lair of Beasts
 19833 | Lair:5   | Noticed Nessos
 19840 | Lair:5   | Killed Nessos
 19841 | Lair:5   | Reached XP level 14. HP: 70/140 MP: 13/13
 19919 | Lair:5   | Found a frozen archway.
 19932 | IceCv    | Entered an ice cave
 20364 | IceCv    | Reached ****** piety under Trog
 20422 | IceCv    | Received a gift from Trog
 20635 | IceCv    | Noticed a reaper
 20650 | IceCv    | Killed a reaper
 20709 | IceCv    | Identified the +0 battleaxe "Pylyna" {protect, rF++ Int+9
                  | Dex-3 Stlth+}
 21946 | Lair:5   | Received a gift from Trog
 23714 | Orc:2    | Entered Level 2 of the Orcish Mines
 23737 | Orc:2    | Found a staircase to the Elven Halls.
 23863 | Orc:2    | Noticed Jorgrun
 23871 | Orc:2    | Killed Jorgrun
 23934 | Orc:2    | Received a gift from Trog
 23941 | Orc:2    | Noticed an orc warlord
 24276 | Orc:2    | Reached skill level 10 in Armour
 24402 | Orc:2    | Killed an orc warlord
 24407 | Orc:2    | Reached XP level 15. HP: 42/150 MP: 14/14
 25073 | Orc:2    | Found Dyeqag's General Store.
 25074 | Orc:2    | Found Foevaeh's Book Shoppe.
 25076 | Orc:2    | Found Didud's Antique Armour Emporium.
 25076 | Orc:2    | Found Sitereem's Antique Weapon Emporium.
 25173 | Orc:2    | Bought a manual of Axes for 1200 gold pieces
 25182 | Orc:2    | Bought a runed broad axe for 224 gold pieces
 25188 | Orc:2    | Bought a pair of runed boots for 225 gold pieces
 25188 | Orc:2    | Bought a pair of embroidered gloves for 225 gold pieces
 25991 | D:12     | Identified the +3 sling of the Grey Skies {heavy, Dex+5
                  | Stlth-}
 26200 | D:12     | Noticed Snorg
 26207 | D:12     | Killed Snorg
 26488 | D:13     | Found Zucicet's Assorted Antiques.
 26493 | D:13     | Bought a potion of curing for 72 gold pieces
 26564 | D:13     | Received a gift from Trog
 27110 | D:13     | Found a gate to the Vaults.
 27704 | D:14     | Reached skill level 15 in Shields
 27873 | D:15     | Entered Level 15 of the Dungeon
 27928 | D:15     | Noticed a frost giant
 27938 | D:15     | Killed a frost giant
 27959 | D:15     | Reached skill level 10 in Dodging
 28220 | D:15     | Found a staircase to the Depths.
 28450 | D:15     | Identified the +0 leather armour of the Lobster {-Cast rC-
                  | rN+++ SInv}
 28584 | D:15     | Identified the ring of the Baku {rCorr Slay+6}
 28905 | D:15     | Reached XP level 16. HP: 160/160 MP: 15/15
 29328 | Swamp:1  | Entered Level 1 of the Swamp
 29568 | Swamp:1  | Noticed a tentacled monstrosity
 29578 | Swamp:1  | Killed a tentacled monstrosity
 29757 | Swamp:2  | Received a gift from Trog
 29846 | Swamp:2  | Noticed a tentacled monstrosity
 29857 | Swamp:2  | Killed a tentacled monstrosity
 30500 | Swamp:2  | Identified a scroll of acquirement
 30501 | Swamp:2  | Acquired a manual of Shields
 31461 | Swamp:4  | Entered Level 4 of the Swamp
 31764 | Swamp:4  | Found a runed translucent door.
 31765 | Swamp:4  | Noticed LustLizard's ghost (adept DEAE)
 31794 | Swamp:4  | Killed LustLizard's ghost
 32290 | Swamp:4  | Identified the +9 war axe "Dewnaon" {flame, rN+ Int-5
                  | Dex+5} (Trog gifted it to you on level 4 of the Swamp)
 32290 | Swamp:4  | Received a gift from Trog
 33608 | Elf:1    | Entered Level 1 of the Elven Halls
 33639 | Elf:1    | Reached XP level 17. HP: 166/169 MP: 16/16
 34530 | Elf:1    | Received a gift from Trog
 34766 | Elf:2    | Paralysed by an air elemental for 1 turns
 34989 | Elf:2    | Paralysed by an air elemental for 1 turns
 34994 | Elf:2    | Paralysed by an air elemental for 1 turns
 35290 | Elf:2    | Found Suemec's Armour Shoppe.
 35626 | Elf:2    | Paralysed by an air elemental for 1 turns
 35849 | Elf:2    | Found a runed translucent gate.
 35850 | Elf:2    | Found a runed translucent gate.
 35850 | Elf:2    | Found a runed translucent gate.
 35978 | Elf:2    | Received a gift from Trog
 36672 | Elf:2    | Noticed a deep elf blademaster
 36678 | Elf:2    | Killed a deep elf blademaster
 38430 | Swamp:4  | Got a decaying rune of Zot
 38613 | Spider:1 | Entered Level 1 of the Spider Nest
 38632 | Spider:1 | Reached skill level 15 in Armour
 38632 | Spider:1 | Reached XP level 18. HP: 173/180 MP: 17/17
 38857 | D:10     | Bought a scroll of blinking for 112 gold pieces
 38857 | D:10     | Bought a scroll of blinking for 112 gold pieces
 38857 | D:10     | Bought a scroll of teleportation for 45 gold pieces
 38857 | D:10     | Bought a scroll of teleportation for 45 gold pieces
 38931 | D:9      | Bought a wand of digging (11) for 693 gold pieces
 39259 | Spider:2 | Received a gift from Trog
 39722 | Spider:2 | Noticed Arachne
 39729 | Spider:2 | Killed Arachne
 39804 | Spider:2 | You are sucked into a shaft and drop 1 floor!
 40821 | Spider:4 | Entered Level 4 of the Spider Nest
 41241 | Spider:4 | Noticed Asterion
 41251 | Spider:4 | Killed Asterion
 41317 | Spider:4 | Received a gift from Trog
 41632 | Spider:4 | Identified the +0 leather armour "Qilech" {rF+ Will+
                  | Regen+}
 42648 | Spider:4 | Reached XP level 19. HP: 189/189 MP: 1/18
 42652 | Spider:4 | Received a gift from Trog
 43000 | Spider:4 | Got a gossamer rune of Zot
 43306 | Elf:3    | Entered Level 3 of the Elven Halls
 44004 | Depths:1 | Entered Level 1 of the Depths
 44082 | Depths:1 | Found a gateway to Hell.
 44679 | Depths:1 | Received a gift from Trog
 45143 | Depths:1 | Reached skill level 15 in Dodging
 46734 | Depths:2 | You are sucked into a shaft and drop 2 floors!
 46734 | Depths:4 | Entered Level 4 of the Depths
 47003 | Depths:4 | Received a gift from Trog
 47074 | Depths:3 | Found Ysaowk's Weapon Boutique.
 47074 | Depths:3 | Found Luotuocwass's Magic Scroll Shop.
 47086 | Depths:3 | Bought a scroll of teleportation for 51 gold pieces
 47086 | Depths:3 | Bought a scroll of teleportation for 51 gold pieces
 47308 | Depths:2 | Found a one-way gateway to a ziggurat.
 47320 | Depths:2 | Found a one-way gate leading to the halls of Pandemonium.
 47364 | Depths:2 | Noticed Bai Suzhen
 47380 | Depths:2 | Killed Bai Suzhen
 47381 | Depths:2 | Reached XP level 20. HP: 202/202 MP: 19/19
 47440 | Depths:2 | Noticed Grunn
 47441 | Depths:2 | Noticed a doom hound
 47441 | Depths:2 | Noticed a doom hound
 47441 | Depths:2 | Noticed a doom hound
 47451 | Depths:2 | Killed a doom hound
 47452 | Depths:2 | Noticed a bone dragon
 47457 | Depths:2 | Killed a bone dragon
 47459 | Depths:2 | Noticed a bone dragon
 47459 | Depths:2 | Killed Grunn
 47462 | Depths:2 | Killed a doom hound
 47462 | Depths:2 | Killed a bone dragon
 47467 | Depths:2 | Noticed a bone dragon
 47880 | Depths:2 | Killed a bone dragon
 47987 | Depths:2 | Killed a doom hound
 47989 | Depths:2 | Noticed a bone dragon
 47994 | Depths:2 | Killed a bone dragon
 50273 | Elf:3    | Identified the +5 ring mail of the Untouchables {rPois
                  | Regen+}
 50273 | Elf:3    | Identified the amulet "Deymal" {Spirit Fly rPois rF++ Will-
                  | Regen+}
 50602 | Elf:3    | Received a gift from Trog
 50665 | Elf:3    | Identified the amulet of False Pretenses {Reflect Harm
                  | SH+5}
 50698 | Elf:3    | Identified the amulet "Heisana" {Acrobat rElec Str+3 Slay-5
                  | SInv}
 50701 | Elf:3    | Identified the amulet of Muirig Gofun {RegenMP Rampage rF+
                  | Str+2}
 50915 | Elf:3    | Identified the ring of Ojokhatz {rPois Str+3 Dex+3}
 51295 | Elf:3    | Identified the amulet "Boropha" {Spirit Harm Fly}
 51713 | Elf:3    | Identified the staff of the Lurker {rElec Will- Stlth+
                  | Earth}
 52071 | Vaults:1 | Entered Level 1 of the Vaults
 52235 | Vaults:1 | Received a gift from Trog
 52249 | Vaults:1 | Found a flickering gateway to a bazaar.
 52255 | Bazaar   | Entered a bazaar
 52256 | Bazaar   | Found Ysun's Book Shop.
 52293 | Bazaar   | Found Fuxteyph's Assorted Antiques.
 52293 | Bazaar   | Found Huanad's Book Boutique.
 52301 | Bazaar   | Bought 2 potions of curing for 150 gold pieces
 52301 | Bazaar   | Bought a potion of heal wounds for 125 gold pieces
 52301 | Bazaar   | Bought a scroll labelled VUNU LOTSUISA for 25 gold pieces
 52323 | Bazaar   | Found Anoku's Jewellery Boutique.
 52331 | Bazaar   | Bought the ring "Nunoyjiukh" {rCorr MP+9 Dex+6 Slay+2} for
                  | 1062 gold pieces
 52450 | Vaults:1 | Noticed Norris
 52463 | Vaults:1 | Killed Norris
 52802 | Vaults:1 | Reached XP level 21. HP: 178/213 MP: 20/20
 53253 | Vaults:1 | Received a gift from Trog
 53258 | Vaults:1 | Identified the +4 whip of Pestilence {venom, +Blink rElec
                  | rC- Will-}
 53259 | Vaults:1 | Identified the +2 helmet "Igatag" {Str+3 Int+3}
 53271 | Vaults:1 | Identified the +2 leather armour of Least Resistance {rN++}
 53272 | Vaults:1 | Identified the ring "Tuit" {rPois rN+ MP+9 Str+3}
 53486 | Vaults:1 | Noticed Boris
 53493 | Vaults:1 | Killed Boris
 53665 | Vaults:1 | You are sucked into a shaft and drop 1 floor!
 53757 | Vaults:2 | Noticed Boris
 53763 | Vaults:2 | Killed Boris
 54068 | Vaults:2 | Received a gift from Trog
 54241 | Vaults:2 | Paralysed by a formless jellyfish for 1 turns
 54426 | Vaults:2 | Found the +7 captain's cutlass {speed, disarm}
 54661 | Vaults:2 | Found a staircase to the Crypt.
 54965 | Vaults:3 | Noticed Donald
 54969 | Vaults:3 | Killed Donald
 55389 | Vaults:3 | Received a gift from Trog
 55515 | Vaults:3 | Identified the staff "Qecosyuj" {rC+ Will+ Str+3 SInv Ice}
 55678 | Vaults:3 | Found a runed translucent gate.
 55678 | Vaults:3 | Found a runed translucent gate.
 55678 | Vaults:3 | Found a runed translucent gate.
 55681 | Vaults:3 | Noticed Ruxt's ghost (adept MiFi)
 55863 | Vaults:3 | Reached XP level 22. HP: 211/226 MP: 21/21
 56183 | Vaults:3 | Noticed Jory
 56200 | Vaults:3 | Killed Jory
 56388 | Vaults:3 | Killed Ruxt's ghost
 56404 | Vaults:3 | Identified the +2 pair of gloves of Midnight {-Tele rC++
                  | SInv}
 56407 | Vaults:3 | Identified the ring "Rugis" {Fly MP+9}
 56477 | Vaults:4 | Received a gift from Trog
 57086 | Vaults:4 | Found a portal to a secret trove of treasure.
 57096 | Vaults:4 | You paid a toll of 9 potions of haste to enter a treasure
                  | trove
 57097 | Trove    | Entered a treasure trove
 57109 | Trove    | Identified the +1 tower shield of the Blacksmith {rF+ Int+3
                  | Dex+2}
 57113 | Trove    | Identified the +2 pair of gloves "Purch" {Rampage ^Drain
                  | rPois rF+}
 57115 | Trove    | Identified the +0 pearl dragon scales of the Lute {rN+
                  | Dex+5}
 57119 | Trove    | Identified the +1 pair of gloves "Onlipoa" {Dex+4}
 57134 | Trove    | Identified the +2 pair of gloves of Ziexzu {Will+ Str+3
                  | Dex+2 Slay+3}
 57147 | Trove    | Identified the orb "Caxzify" {*Rage, Dex+3 Slay+3}
 57148 | Trove    | Identified the +0 pair of gloves of Limited Liability
                  | {Stlth+}
 57400 | Vaults:4 | Noticed Zenata
 57407 | Vaults:4 | Killed Zenata
 57553 | Vaults:4 | Received a gift from Trog
 57755 | Vaults:5 | Entered Level 5 of the Vaults
 58243 | Vaults:5 | Identified the +6 short sword "Berchicho" {venom, Int+7
                  | Dex+2}
 58249 | Vaults:5 | Received a gift from Trog
 58262 | Vaults:5 | Reached XP level 23. HP: 191/239 MP: 22/22
 58269 | Vaults:5 | Noticed an ancient lich
 58281 | Vaults:5 | Killed an ancient lich
 58282 | Vaults:5 | Reached skill level 27 in Fighting
 58289 | Vaults:5 | Identified the ring "Mubrah" {rPois MP+9 Slay+2}
 58610 | Vaults:5 | Identified the +4 plate armour of the Present {rPois}
 58636 | Vaults:5 | Got a silver rune of Zot
 58642 | Vaults:5 | Identified the +5 chain mail of Insecurity {Rampage Regen+}
 58669 | Vaults:5 | Identified the +5 rapier of Evolution {spect, Fly rPois
                  | rN+}
 58673 | Vaults:5 | Identified the +9 great sword of Quantum Leap {protect,
                  | +Blink rC+ Int+4}
 58682 | Vaults:5 | Identified the +1 short sword "Junki" {venom, *Corrode rN+
                  | Str+2 Int+3}
 58777 | Vaults:5 | Identified the +10 plate armour of the Bard {rElec rN++
                  | Regen+ rCorr}
 59602 | Depths:2 | Acquired a manual of Dodging
 60220 | Depths:3 | Found a one-way gate to the infinite horrors of the Abyss.
 60401 | Depths:3 | Reached skill level 27 in Shields
 60443 | Depths:3 | Found an iron altar of Okawaru.
 60912 | Depths:3 | Gained mutation: You are clumsy. (Dex -2) [a cacodemon]
 60953 | Depths:3 | Found a burning altar of Makhleb.
 60960 | Depths:3 | Identified the +6 arbalest of Conformity {heavy, rC- Will+
                  | Int+4}
 61025 | Depths:3 | Identified the +6 demon blade of Wrongful Imprisonment
                  | {freeze, rPois rC++ Will+}
 61236 | Depths:4 | Received a gift from Trog
 61429 | Depths:4 | Found Sujao's Jewellery Shop.
 61956 | Depths:4 | Noticed a caustic shrike
 61962 | Depths:4 | Killed a caustic shrike
 61962 | Depths:4 | Noticed a caustic shrike
 61964 | Depths:4 | Noticed a caustic shrike
 61970 | Depths:4 | Killed a caustic shrike
 61981 | Depths:4 | Killed a caustic shrike
 62237 | Depths:4 | Reached XP level 24. HP: 236/249 MP: 22/22
 62503 | Depths:4 | Found a gate to the Realm of Zot.
 62692 | Zot:1    | Entered Level 1 of the Realm of Zot
 62726 | Zot:1    | Received a gift from Trog
 62911 | Hell     | Entered the Vestibule of Hell
 62911 | Hell     | Noticed Geryon
 64109 | Zot:2    | Noticed a Killer Klown
 64110 | Zot:2    | Noticed a Killer Klown
 64167 | Zot:1    | Killed a Killer Klown
 64196 | Zot:2    | Killed a Killer Klown
 64483 | Zot:2    | Found a shimmering altar of Xom.
 64483 | Zot:2    | Found a shimmering altar of Xom.
 64483 | Zot:2    | Found a glowing silver altar of Zin.
 64484 | Zot:2    | Found a shimmering altar of Xom.
 65119 | Zot:3    | Noticed an orb of fire
 65121 | Zot:3    | Gained mutation: You sometimes lose your temper in combat.
                  | [an orb of fire]
 65125 | Zot:3    | Gained mutation: You have an uncontrollable temper. [an orb
                  | of fire]
 65126 | Zot:3    | Gained mutation: You are frail. (-10% HP) [an orb of fire]
 65136 | Zot:3    | Killed an orb of fire
 65666 | Zot:3    | Noticed an orb of fire
 65668 | Zot:3    | Noticed a dread lich
 65670 | Zot:3    | Noticed a dread lich
 65691 | Zot:3    | Gained mutation: You occasionally shout uncontrollably at
                  | your foes. [an orb of fire]
 65702 | Zot:3    | Killed an orb of fire
 65713 | Zot:3    | Killed a dread lich
 65850 | Zot:3    | Killed a dread lich
 65913 | Zot:3    | Reached XP level 25. HP: 231/231 MP: 3/22
 65995 | Zot:3    | Noticed an orb of fire
 65997 | Zot:3    | Noticed a dread lich
 66006 | Zot:3    | Killed an orb of fire
 66012 | Zot:3    | Killed a dread lich
 66216 | Zot:3    | Lost mutation: You are clumsy. (Dex -2) [potion of
                  | mutation]
 66216 | Zot:3    | Lost mutation: You occasionally shout uncontrollably at
                  | your foes. [potion of mutation]
 66216 | Zot:3    | Lost mutation: You have an uncontrollable temper. [potion
                  | of mutation]
 66216 | Zot:3    | Lost mutation: You are frail. (-10% HP) [potion of
                  | mutation]
 66216 | Zot:3    | Lost mutation: You sometimes lose your temper in combat.
                  | [potion of mutation]
 66228 | Zot:3    | You are sucked into a shaft and drop 1 floor!
 66329 | Zot:4    | Noticed an orb of fire
 66334 | Zot:4    | Gained mutation: You are clumsy. (Dex -2) [an orb of fire]
 66360 | Zot:4    | Killed an orb of fire
 67448 | Zot:4    | Found a transporter.
 67450 | Zot:4    | Found a transporter.
 67452 | Zot:4    | Found a transporter.
 67456 | Zot:4    | Found a transporter.
 68139 | Zot:5    | Entered Level 5 of the Realm of Zot
 68595 | Zot:5    | Noticed an orb of fire
 68596 | Zot:5    | Noticed an orb of fire
 68598 | Zot:5    | Noticed an orb of fire
 68599 | Zot:5    | Noticed an orb of fire
 68603 | Zot:5    | Noticed an orb of fire
 68694 | Zot:5    | Noticed a Killer Klown
 68694 | Zot:5    | Gained mutation: Your movements are slightly less
                  | encumbered by armour. (ER -2) [an orb of fire]
 68747 | Zot:4    | Killed an orb of fire
 68810 | Zot:5    | Gained mutation: You are weak. (Str -2) [an orb of fire]
 68815 | Zot:5    | Lost mutation: You are clumsy. (Dex -2) [an orb of fire]
 68826 | Zot:4    | Killed an orb of fire
 68871 | Zot:5    | Noticed an orb of fire
 68872 | Zot:5    | Noticed a Killer Klown
 68886 | Zot:4    | Killed an orb of fire
 68932 | Zot:4    | Killed a Killer Klown
 68962 | Zot:4    | Killed a Killer Klown
 69164 | Zot:5    | Noticed a dread lich
 69179 | Zot:4    | Killed a dread lich
 69317 | Zot:5    | Noticed a Killer Klown
 69331 | Zot:4    | Killed an orb of fire
 69347 | Zot:5    | Killed a Killer Klown
 69419 | Zot:5    | Noticed an ancient lich
 69432 | Zot:5    | Killed an ancient lich
 69531 | Zot:5    | Noticed an ancient lich
 69537 | Zot:5    | Reached XP level 26. HP: 230/266 MP: 22/22
 69549 | Zot:5    | Killed an ancient lich
 69684 | Zot:5    | Killed an orb of fire
 69979 | Zot:5    | Killed an orb of fire
 70279 | Zot:5    | Reached skill level 27 in Axes
 70306 | Zot:5    | Reached skill level 27 in Armour
 70382 | Zot:5    | Got the Orb of Zot
 70776 | D:10     | Noticed Gulyzat the pandemonium lord
 70841 | D:8      | Noticed Jutamn the pandemonium lord
 70845 | D:8      | Killed Gulyzat the pandemonium lord
 70848 | D:8      | Noticed Tiorecka the pandemonium lord
 70880 | D:8      | HP: 13/266 [??? (7)]
 70950 | D:7      | Noticed Jerino the pandemonium lord
 71056 | D:$      | Escaped with the Orb!

Illustrated notes

Levels and vault maps discovered:
D:1:      heliophobic_arrival_ceremonial_halls, layout_loops_ring,
          chequers_ecumenical_altar_lobes
D:2:      layout_basic, uniq_natasha, uniq_robin
D:3:      layout_rooms, grunt_dithmenos_smoke, ebering_ghost_gozag,
          dk_noncrumbling_3
D:4:      layout_basic, gammafunk_ghost_split, uniq_crazy_yiuf_cottage,
          uniq_duvessa
D:5:      minmay_goblin_kobold_castle, layout_layer_cave, enter_ossuary_1,
          kennysheep_path_1
D:6:      layout_loops_corners, uniq_sigmund, uniq_jeremiah
D:7:      layout_cave_pools, minmay_temple_entry_arrows, gammafunk_ghost_split
D:8:      layout_layer_cave
D:9:      layout_grid_maze, dpeg_oklobed_lair, nicolae_shop_overcharged_wands
D:10:     minmay_smoke_and_mirrors, layout_stronghold,
          gammafunk_temple_overflow_forgotten, orc_0_dummy, serial_shops,
          nicolae_diamond_shop, nzn_random_ring
D:11:     layout_basic, special_room [special_room_kobold], uniq_maurice
D:12:     layout_basic, serial_shops, shop, st_stairs_4, uniq_snorg
D:13:     layout_irregular_city, hellmonk_vaults_keyhole, serial_park_tiny_pond,
          nicolae_stop_n_shop_1
D:14:     layout_basic, kennysheep_nub
D:15:     hangedman_crystal_crosses_colossus [crystal_crosses_arms_four,
          crystal_crosses_arms_two, crystal_crosses_arms_one]
Temple:   nicolae_temple_bog_church
Lair:1:   layout_cave_pods, chequers_serial_rivers_small_a, grunt_megastairs_1
Lair:2:   layout_chaotic_city, minmay_swamp_entry_eels,
          spider_nest_entry_web_field, serial_bayou_pond_a,
          serial_bayou_shore_b, grunt_megastairs_3, uniq_gastronok, uniq_maggie,
          uniq_nergalle
Lair:3:   layout_chaotic_city, serial_bayou_shore_a
Lair:4:   layout_small_grid, minmay_slime_entry_oklob_enclosed,
          eino_house_with_fridge, lemuel_fruit_tree, grunt_megastairs_4
Lair:5:   minmay_lair_end_enchanted_forest, layout_cave_pods,
          portal_ice_cave_entry_pillars_2, uniq_nessos
Swamp:1:  layout_falls_marsh, evilmike_swamp_ruin_house_3
Swamp:2:  layout_falls_marsh, hangedman_swamp_ruin_hall,
          infiniplex_staircase_pool, nicolae_swamp_tree_isthmus
Swamp:3:  layout_basic_swamp, nicolae_swamp_dense_foliage
Swamp:4:  swamp_vile, layout_basic_swamp, ebering_ghost_inner_flame,
          swamp_pool_1_2, nicolae_swamp_decorative_isthmus
Spider:1: layout_spider_delve
Spider:2: layout_spider_delve, worms_lemuel, uniq_arachne
Spider:3: layout_spider_delve
Spider:4: spider_rune_water, spiders_nest_spider_trap, uniq_asterion
Orc:1:    layout_caves, nicolae_orc_beogh_chapel
Orc:2:    st_orc_congregation, layout_diamond_mine, uniq_jorgrun
Elf:1:    nicolae_elf_arrival_no_cutting_in_line, layout_loops_corners,
          hangedman_elven_crosses_minicolossus
Elf:2:    nicolae_elf_blades_crystal_corner, layout_loops_corners, serial_shops,
          shop, grunt_ministairs_5, nicolae_elf_loose_elemental_storage,
          uniq_saint_roka
Elf:3:    elf_hall_gauntlet_wide, layout_geoelf_castle, guppyfry_elf_garden
Vaults:1: v_misc_19, ontoclasm_vaults_claustrophobia,
          nicolae_vaults_little_squares_4, vaults_dpeg_cross,
          nicolae_vaults_cornered_office, grunt_vaults_focal,
          vaults_standard_mumra_enter_the_diamond, nicolae_vaults_specimen_jars,
          v_misc_31, v_misc_10, nicolae_vaults_closet_pinwheel_3,
          nicolae_vaults_network_barrier, hangedman_vaults_stretched_pinwheel,
          nicolae_vaults_storage_room_glass, hangedman_vaults_impose,
          nicolae_vaults_layer_cake_slice,
          nicolae_vaults_storing_the_good_stuff, layout_vaults_maze_bifur,
          serial_shops, bzr_entry_safe, serial_glass, uniq_boris, uniq_norris
Vaults:2: grunt_vaults_hallway_short, nicolae_vaults_shelves_hall,
          nicolae_vaults_twisting_passages, nicolae_vaults_frosty_reception,
          v_misc_12, nicolae_vaults_network_square,
          nicolae_vaults_diagonal_hallway_7, minmay_crypt_entry_nasty_monster,
          vaults_room_corners, v_misc_2, nicolae_vaults_little_squares_6,
          layout_vaults_big_room
Vaults:3: gammafunk_ghost_tricky_traps, v_misc_28, nicolae_vaults_triangles,
          hangedman_vaults_trim, v_misc_9, v_misc_15, v_misc_23,
          grunt_vaults_bifocal, nicolae_vaults_double_plus_3, v_misc_17,
          hangedman_vaults_locks, nicolae_vaults_heart-shaped_vault,
          ontoclasm_vaults_echo, layout_vaults_ring, uniq_margery, uniq_jory,
          uniq_donald
Vaults:4: nicolae_vaults_oval_intersection, hangedman_vaults_trim,
          hangedman_vaults_nails, nicolae_vaults_tetromino_L_1,
          vaults_dpeg_diagonal, nicolae_vaults_rhombus_6,
          vaults_standard_mumra_lines, vaults_dpeg_hooks, v_rooms_6,
          vaults_room_large_hall, nicolae_vaults_cochlea,
          nicolae_vaults_house_1, ontoclasm_vaults_ligature,
          hangedman_vaults_slice, layout_vaults_omnibox,
          nicolae_trove_entry_path_of_doom, uniq_zenata
Vaults:5
Depths:1: layout_small_grid, minmay_misc_feat_tower, hell_entry,
          serial_bayou_lake_a, serial_bayou_shore_b, grunt_megastairs_2
Depths:2: nooodl_glass_maze, layout_basic, enter_ziggurat_d, pf_coc_iceberg,
          rand_demon_pan_entry_7, ice2_lemuel,
          infiniplex_staircase_split_hallway, uniq_bai_suzhen, uniq_grunn
Depths:3: evilmike_makhleb_hellhole, layout_cave_shapes,
          hellmonk_okawaru_the_only_friend_you_need, pf_hell_entry_tar_spiral,
          rand_demon_pan_entry_5, abyss_entry, minmay_shoptagon
Depths:4: grunt_zot_entry_pinwheel, layout_small_grid, hell_entry,
          abyss_entry_crystal, serial_shops, nicolae_square_shop,
          serial_bayou_pond_d, hangedman_decor_peaks_small,
          serial_bayou_shore_b, serial_bayou_shore_b
Hell
Zot:1:    layout_onion_interference
Zot:2:    dreamdust_zin_vs_xom, layout_onion, regret_index_zotdec_zees
Zot:3:    hellmonk_crystal_mountain, layout_misc_corridors,
          hangedman_elemental_corridor, regret_index_zotdec_banners
Zot:4:    layout_gridville, nicolae_diode_quadrants
Zot:5:    layout_misc_corridors, grunt_ministairs_11

Skill      XL: |  1  2  3  4  5  6  7  8  9 10 11 12 13 14 15 16 17 18 19 20 21 22 23 24 25 26 |
---------------+-------------------------------------------------------------------------------+-----
Axes           | 4 5 6 8 10 11 13 14 16 17 18 19 20 21 23 24 26 27 | 27.0
Fighting       | 4 5 7 9 10 12 14 16 17 18 19 20 21 22 23 25 26 27 | 27.0
Armour         | 3 4 6 8 10 12 13 15 16 17 19 20 21 23 24 26 27 | 27.0
Dodging        | 3 4 5 7 8 10 12 13 14 15 16 17 21 23 25 26 | 26.0
Shields        | 1 2 4 6 8 10 12 14 15 18 21 23 24 25 26 27 | 27.0

Action                     |  1- 3 |  4- 6 |  7- 9 | 10-12 | 13-15 | 16-18 | 19-21 | 22-24 | 25-27 || total
---------------------------+-------+-------+-------+-------+-------+-------+-------+-------+-------++-------
  Melee: Hand axe          |    81 |    83 |   181 |       |       |       |       |       |       ||   345
         Headbutt          |     9 |    18 |    93 |   114 |   224 |   202 |   269 |   313 |   181 ||  1423
         Punch             |     1 |       |       |       |       |       |       |       |       ||     1
         Unarmed           |       |    12 |       |       |       |       |       |       |       ||    12
         War axe           |       |       |   255 |   527 |       |       |       |       |       ||   782
         Broad axe         |       |       |       |    19 |   933 |   795 |   815 |   864 |   475 ||  3901
 Invoke: Berserk           |       |     2 |     6 |    11 |     5 |     4 |     3 |     3 |     4 ||    38
         Trog's Hand       |       |     1 |       |     2 |     3 |     4 |     2 |     3 |     4 ||    19
         Brothers in Arms  |       |       |     1 |     2 |     8 |     6 |     4 |    23 |    12 ||    56
  Evoke: Wand              |       |       |       |       |    13 |       |     1 |     1 |     4 ||    19
    Use: Scroll            |       |     4 |    10 |    10 |    11 |    20 |    14 |    12 |     5 ||    86
         Potion            |       |       |       |       |       |     7 |     7 |       |     2 ||    16
   Stab: Petrified         |       |       |       |       |     4 |       |       |       |       ||     4
         Petrifying        |       |       |       |       |     2 |       |       |       |       ||     2
         Distracted        |       |       |       |       |     1 |     7 |    21 |     9 |     1 ||    39
 Armour: Animal skin       |    49 |    11 |       |       |       |       |       |       |       ||    60
         Skin              |       |    12 |       |       |       |       |       |       |       ||    12
         Scale mail        |       |    18 |    75 |       |       |       |       |       |       ||    93
         Chain mail        |       |       |    79 |   327 |    35 |       |       |       |       ||   441
         Plate armour      |       |       |       |       |   100 |       |       |   519 |   486 ||  1105
         Crystal plate arm |       |       |       |       |   360 |   535 |   335 |   271 |       ||  1501
         Swamp dragon scal |       |       |       |       |       |    43 |   129 |       |       ||   172
  Dodge: Dodged            |    49 |    66 |   183 |   247 |   327 |   304 |   309 |   628 |   361 ||  2474
  Block: Buckler           |       |    21 |   165 |   345 |   701 |   594 |   540 |   705 |   369 ||  3440
         Reflection        |       |       |    12 |    18 |    71 |    65 |   100 |   111 |    69 ||   446

Table legend: (Time is in decaauts)
 A = Elapsed time spent in this place.
 B = Non-inter-level travel time spent in this place.
 C = Inter-level travel time spent in this place.
 D = Time resting spent in this place.
 E = Time spent auto-exploring this place.
 F = Levels seen in this place.
 G = Mean time per level.
                   A        B        C        D        E       F      G
               +--------+--------+--------+--------+--------+-----+--------+
         Total |  70448 |  65178 |   5270 |  18852 |  28099 |  53 | 1329.2 |
       Dungeon |  19627 |  16963 |   2664 |   3882 |   8897 |  15 | 1308.5 |
        Temple |      1 |      1 |      0 |      0 |      0 |   1 |    1.0 |
          Lair |   6771 |   6297 |    474 |   1586 |   3614 |   5 | 1354.2 |
         Swamp |   5490 |   5190 |    300 |   2571 |   1434 |   4 | 1372.5 |
   Spider Nest |   4215 |   4046 |    169 |   1004 |   1883 |   4 | 1053.8 |
  Orcish Mines |   3065 |   2742 |    323 |    795 |   1105 |   2 | 1532.5 |
   Elven Halls |   6973 |   6597 |    376 |   2035 |   2431 |   3 | 2324.3 |
        Vaults |   6991 |   6674 |    317 |   1243 |   3528 |   5 | 1398.2 |
        Depths |   7862 |   7483 |    379 |   3050 |   2763 |   4 | 1965.5 |
          Hell |     11 |     11 |      0 |      0 |      0 |   1 |   11.0 |
           Zot |   7509 |   7244 |    265 |   2242 |   1672 |   5 | 1501.8 |
        Bazaar |    156 |    156 |      0 |     43 |     60 |   1 |  156.0 |
         Trove |     69 |     69 |      0 |      0 |      0 |   1 |   69.0 |
       Ossuary |    523 |    523 |      0 |    110 |     90 |   1 |  523.0 |
      Ice Cave |   1178 |   1178 |      0 |    288 |    621 |   1 | 1178.0 |
               +--------+--------+--------+--------+--------+-----+--------+

Top non-repeatable levels by time:
   Elf:3: 3396 daAuts
    D:10: 2755 daAuts
Depths:1: 2653 daAuts
 Swamp:4: 2548 daAuts
     D:9: 2483 daAuts
   Elf:2: 2249 daAuts
   Orc:2: 2242 daAuts
Depths:4: 2022 daAuts
  Lair:5: 2006 daAuts
Spider:4: 1949 daAuts
    D:11: 1949 daAuts
Depths:2: 1838 daAuts
   Zot:4: 1781 daAuts
   Zot:3: 1754 daAuts
   Zot:2: 1605 daAuts
